 Dungeon Crawl Stone Soup version 0.25-a0-670-g50981ef (webtiles) character file.

Game seed: 11539617688040607991, levelgen mode: deterministic

170 Faca the Skirmisher (level 5, -8/46 HPs)
             Began as a Barachi Fighter on Mar 29, 2020.
             Splashed by a jelly's acid (10 damage)
             ... on level 3 of the Dungeon on Mar 30, 2020.
             The game lasted 00:03:24 (1887 turns).

Faca the Skirmisher (Barachi Fighter)               Turns: 1887, Time: 00:03:25

Health: -8/46      AC: -3    Str: 18    XL:     5   Next: 51%
Magic:  5/5        EV:  7    Int:  9    God:
Gold:   126        SH: 10    Dex: 11    Spells: 4/4 levels left

rFire    . . .     SeeInvis .   a - +0 long sword
rCold    . . .     Gourm    .   c - +1 kite shield
rNeg     . . .     Faith    .   b - +0 scale mail
rPois    .         Spirit   .   e - +0 helmet
rElec    .         Reflect  .   (no cloak)
rCorr    .         Harm     .   (no gloves)
MR       .....                  (no boots)
Stlth    ..........             (no amulet)
HPRegen  0.15/turn              (no ring)
MPRegen  0.09/turn              (no ring)

@: corroded, slow
A: +LOS, swims, slowness 1, strong legs 1
a: Hop


You were on level 3 of the Dungeon.
You were not hungry.

You visited 1 branch of the dungeon, and saw 3 of its levels.

You collected 126 gold pieces.

Inventory:

Hand Weapons
 a - a +0 long sword (weapon)
Armour
 b - a +0 scale mail (worn)
 c - a +1 kite shield (worn)
 e - a +0 helmet (worn)
Jewellery
 g - an uncursed ring of flight
Scrolls
 l - a scroll of remove curse {unknown}
 o - a scroll of noise {unknown}
Potions
 d - a potion of might
 h - 2 potions of stabbing {unknown}
 i - 2 potions of curing {unknown}
 j - a potion of mutation
 k - a potion of lignification {unknown}
 n - a potion of berserk rage {unknown}
 q - 2 potions of heal wounds {unknown}
Comestibles
 f - 2 rations
 m - a chunk of flesh


   Skills:
 + Level 5.7 Fighting
 + Level 5.0 Long Blades
 - Level 3.6 Armour
 - Level 3.2 Shields


You had 4 spell levels left.
You didn't know any spells.
Your spell library was empty.

Dungeon Overview and Level Annotations

Branches:
Dungeon (3/15)

Altars:
Ashenzari
Nemelex Xobeh
The Shining One


Innate Abilities, Weirdness & Mutations

You can be seen from farther away. (+LOS)
You can swim through water.
You cover ground slowly.
You can hop short distances.


Message History

The jelly is almost dead.
You block the quokka's attack. The jelly hits you.
You are splashed with acid.
You are too injured to fight recklessly!
You hit the jelly but do no damage.
Your hands burn!
The jelly is almost dead.
The quokka bites you. The jelly hits you.
* * * LOW HITPOINT WARNING * * *
You are splashed with acid!
* * * LOW HITPOINT WARNING * * *
The hobgoblin hits you with a +0 club.
* * * LOW HITPOINT WARNING * * *
The quokka completely misses you.
You riposte.
You hit the quokka.
You kill the quokka!
You hit the jelly but do no damage. The acid corrodes you!
Your hands burn!
* * * LOW HITPOINT WARNING * * *
The jelly is almost dead.
The jelly hits you.
* * * LOW HITPOINT WARNING * * *
You are splashed with acid!
You die...

##### ##...## ##.....##
##..#....############
##..###....##.........
##..#####....g†........
#..###.#+#...@J####.g..
#.###._.###.#### ..
#..###.#'#..# ##..#####..##
#...###..####### .##.##
#.#..#..##.....## ## .#.#.
#.##...###.#.#..# ..### #####
#.##..###.......##....###...#
####.#...###..#†#..........
._.#


You could see a jelly and a hobgoblin.

Vanquished Creatures
  A centaur zombie (D:2)
  A hound (D:3)
  4 adders
  An ooze (D:1)
  2 worms (D:2)
  3 dart slugs
  3 giant cockroaches
  9 goblins
  2 hobgoblins (D:1)
  4 jackals (D:2)
  A quokka (D:3)
  4 bats (D:1)
  6 frilled lizards
  13 kobolds
  5 rats
59 creatures vanquished.

Notes
Turn   | Place    | Note
-------+----------+-------------------------------------------
     0 | D:1      | Faca the Barachi Fighter began the quest for the Orb.
     0 | D:1      | Reached XP level 1. HP: 18/18 MP: 1/1
    16 | D:1      | Reached XP level 2. HP: 8/25 MP: 2/2
   432 | D:1      | Reached XP level 3. HP: 31/31 MP: 3/3
  1111 | D:2      | Reached XP level 4. HP: 23/38 MP: 4/4
  1273 | D:2      | Reached skill level 5 in Fighting
  1504 | D:2      | Reached XP level 5. HP: 44/44 MP: 5/5
  1687 | D:3      | Found a glowing golden altar of the Shining One.
  1740 | D:3      | Found a shattered altar of Ashenzari.
  1813 | D:3      | Reached skill level 5 in Long Blades
  1868 | D:3      | Found a sparkling altar of Nemelex Xobeh.
  1887 | D:3      | HP: 2/46 [acid (3)]
  1887 | D:3      | Splashed by a jelly's acid

Levels and vault maps discovered:
D:1:      dpeg_arrival_pond, layout_basic, due_unseen_surprise
D:2:      layout_rooms
D:3:      layout_loops_ring, nicolae_ashenzari_panopticon,
          nicolae_overflow_hidden_temple, chequers_ecumenical_altar_simple,
          first_ration, glass_columns_a, nemelex_diamond_rough_becter

Skill      XL: |  1  2  3  4  5 |
---------------+----------------+-----
Fighting       | 4 5 |  5.7
Long Blades    | 3 4 5 |  5.0
Armour         | |  3.6
Shields        | |  3.2

Action                   |  1- 3 |  4- 6 || total
-------------------------+-------+-------++-------
Melee: Long sword        |   109 |   112 ||   221
  Use: Scroll            |       |     4 ||     4
  Eat: Chunk             |     1 |     3 ||     4
Armor: Scale mail        |    57 |    56 ||   113
Dodge: Dodged            |    45 |    27 ||    72
Block: Kite shield       |    68 |    63 ||   131
       Rpst.: Long sword |    17 |    11 ||    28

Table legend:
 A = Non-vault XP
 B = Vault XP
 C = Vault XP percentage of total XP
 D = Non-vault monster count
 E = Vault monster count
 F = Vault count percentage of total count
                 A         B        C        D         E       F
            +---------+---------+-------+---------+---------+-------
      Total |     244 |       0 |   0.0 |      59 |       0 |   0.0
            +---------+---------+-------+---------+---------+-------
        D:1 |      42 |       0 |   0.0 |      21 |       0 |   0.0
        D:2 |     125 |       0 |   0.0 |      23 |       0 |   0.0
        D:3 |      77 |       0 |   0.0 |      15 |       0 |   0.0
            +---------+---------+-------+---------+---------+-------
